 Dungeon Crawl Stone Soup version 0.20.0-7-g3b7b877 (webtiles) character file.

1771 kraftydee the Digger (level 9, -4/48 HPs)
             Began as a Gargoyle Earth Elementalist on May 29, 2017.
             Was a Priest of Vehumet.
             Slain by a wight
             ... wielding a cursed +0 dire flail
              (9 damage)
             ... on level 7 of the Dungeon.
             The game lasted 00:49:43 (8891 turns).

kraftydee the Digger (Gargoyle Earth Elementalist)  Turns: 8891, Time: 00:49:44

Health: -4/48      AC:  8    Str: 13    XL:     9   Next: 7%
Magic:  2/19       EV: 12    Int: 18    God:    Vehumet [***...]
Gold:   412        SH:  0    Dex: 10    Spells: 2/22 levels left

rFire    . . .     SeeInvis +   y - +0 quarterstaff
rCold    + . .     Gourm    .   (shield currently unavailable)
rNeg     + . .     Faith    .   b - +0 robe
rPois    ∞         Spirit   .   (no helmet)
rElec    +         Reflect  .   (no cloak)
rCorr    .         Harm     .   v - +0 pair of gloves
MR       .....                  (no boots)
Stlth    ++........             (no amulet)
Regen    0.2/turn               n - ring of protection from cold
MPRegen  0.2/turn               D - ring of see invisible

@: flying
A: negative energy resistance 1, electricity resistance, unbreathing,
petrification resistance, rot immunity, AC +5
a: Renounce Religion


You were on level 7 of the Dungeon.
You worshipped Vehumet.
Vehumet was most pleased with you.
You were hungry.

You visited 2 branches of the dungeon, and saw 8 of its levels.
You also visited: Ossuary.

You collected 412 gold pieces.

Inventory:

Hand Weapons
 g - a +0 dagger
 o - a +0 whip
 y - a +0 quarterstaff (weapon)
Missiles
 J - 16 stones (quivered)
Armour
 b - a +0 robe (worn)
 c - a +0 robe
 f - a +0 leather armour
 r - a +0 robe
 v - a +0 pair of gloves (worn)
Jewellery
 n - a ring of protection from cold (left hand)
 D - a ring of see invisible (right hand)
 I - an uncursed ring of resist corrosion
Wands
 t - a wand of paralysis (6/24)
 B - a wand of iceblast (6/15)
Scrolls
 h - a scroll of fog
 i - 3 scrolls of magic mapping
 u - 5 scrolls of amnesia
 A - 2 scrolls of enchant weapon
 C - a scroll of fear {unknown}
 E - a scroll of torment {unknown}
 F - a scroll of remove curse
 G - a scroll of random uselessness {unknown}
 H - a scroll of blinking {unknown}
Potions
 a - a potion of lignification
 l - a potion of degeneration
 p - a potion of heal wounds {unknown}
 q - 4 potions of curing
 w - a potion of brilliance
 z - a potion of resistance {unknown}
 K - a potion of haste
 L - a potion of invisibility {unknown}
Books
 e - a book of Geomancy

   Spells                             Type                      Level
   a - Sandblast                      Earth                        1
   b - Passwall                       Transmutation/Earth          2
   c - Stone Arrow                    Conjuration/Earth            3
   d - Petrify                        Transmutation/Earth          4
   e - Lee's Rapid Deconstruction     Earth                        5
Comestibles
 d - 2 bread rations
 j - 4 meat rations
 k - 4 fruits
 x - 3 royal jellies


   Skills:
 + Level 2.0 Fighting
 + Level 0.8 Short Blades
 + Level 2.4 Staves
 + Level 2.6 Dodging
 + Level 3.3 Stealth
 + Level 7.0 Spellcasting
 + Level 2.9 Conjurations
 + Level 0.7 Transmutations
 + Level 2.8 Fire Magic
 + Level 7.5 Earth Magic


You had 2 spell levels left.
You knew the following spells:

 Your Spells              Type           Power        Failure   Level  Hunger
a - Sandblast             Erth           ####..       1%          1    None
b - Passwall              Tmut/Erth      ###.......   3%          2    None
c - Stone Arrow           Conj/Erth      ####..       1%          3    ##.....
d - Lee's Rapid Deconstr  Erth           ####......   3%          5    #####..
e - Throw Flame           Conj/Fire      ###...       1%          2    None
f - Petrify               Tmut/Erth      ###.....     19%         4    ####...
g - Inner Flame           Hex/Fire       ##......     5%          3    ##.....


Dungeon Overview and Level Annotations

Branches:
Dungeon (7/15)             Temple (1/1) D:4

Altars:
Ashenzari
Cheibriados
Dithmenos
Elyvilon
Fedhas
Gozag
Hepliaklqana
Kikubaaqudgha
Makhleb
Okawaru
Qazlal
Ru
Trog
Uskayaw
Vehumet
Xom
Yredelemnul
Zin
The Shining One

Shops:
D:6 }


Innate Abilities, Weirdness & Mutations

You are resistant to torment.
Your stone body is resilient. (AC +5)
You are immune to poison.
You resist negative energy. (rN+)
You are resistant to electric shocks. (rElec)
You can survive without breathing.
You are immune to petrification.
You are immune to rotting.


Message History

Confirm with . or Enter, or press ? or * to list all spells.
Aiming: Sandblast
Press: ? - help, Shift-Dir - straight line, f - wight
Aim: a wight, wielding a dire flail and wearing a robe The blast of sand misses the wight.
J - 16 stones The wight misses you. The wight closely misses you.
It was a potion of flight.
You feel very buoyant.
You fly up into the air.
The wight closely misses you. The crocodile barely misses you.
The wight hits you but does no damage.
You completely miss the crocodile. The crocodile bites you!
The wight barely misses you. The crocodile bites you.
The wight hits you with a dire flail.
You closely miss the wight. The crocodile bites you!
* * * LOW HITPOINT WARNING * * *
The wight barely misses you. The crocodile barely misses you.
You closely miss the wight. The wight hits you with a dire flail!
You die...

#....+ #....#####%....'<.'.....
#....# #........#...))#..#.....
#....# #........#%....#..#..>..
#....#####.......#.[...#####..##
#........#.......#.....#..##..#.
#........#...##..#.....#......#.
#...÷....#...##..#.....#......#.
#........#....#zt#.....#......#.
.###'#....#..>.#@.#.....'......#.
.....#....#'####..#.....#......##
.....#.........#..#.....#####...#
.....###+#.....#..#....>#..##...#
...... #.....#..#.....#.......#
...... +.....#..#.....#..##..##
.....## #.....####.....#..####.#
.....# #..............#..##...#
...... ######.........#####..##


You could see a crocodile and a wight.

Vanquished Creatures
  Grinder (D:6)
  A phantom (D:6)
  An ice beast (D:7)
  A sky beast (D:7)
  An ogre (D:6)
  A crocodile (D:7)
  3 elf zombies (Ossuary)
  A bullfrog (D:7)
  The ghost of mopl the Grave Robber, an amateur FeNe (D:4)
  A howler monkey (D:3)
  A crimson imp (D:6)
  3 human zombies (Ossuary)
  2 centaur zombies (Ossuary)
  3 orc priests
  A bullfrog skeleton (D:6)
  A hound (D:4)
  An iguana (D:5)
  A killer bee zombie (D:7)
  A big kobold zombie (Ossuary)
  3 hound zombies
  4 mummies
  2 worker ant zombies (D:5)
  8 adders
  4 gnolls
  An ooze (D:3)
  5 adder zombies (Ossuary)
  2 adder skeletons (D:7)
  2 dart slugs
  3 leopard geckos
  8 orcs
  7 giant cockroaches
  3 gnoll zombies (Ossuary)
  7 goblins
  10 hobgoblins
  9 jackals
  13 kobolds
  5 quokkas
  A ball python (D:1)
  A ball python skeleton (D:4)
  8 bats
  4 frilled lizards
  3 goblin zombies (Ossuary)
  5 hobgoblin zombies
  2 jackal zombies (Ossuary)
  6 kobold zombies (Ossuary)
  2 orc zombies
  2 quokka zombies
  6 rats
  2 rat zombies (Ossuary)
164 creatures vanquished.

Vanquished Creatures (others)
  A bat (D:1)
  A kobold (D:1)
2 creatures vanquished.

Grand Total: 166 creatures vanquished

Notes
Turn   | Place    | Note
-------+----------+-------------------------------------------
     0 | D:1      | kraftydee the Gargoyle Earth Elementalist began the quest for the Orb.
     0 | D:1      | Reached XP level 1. HP: 10/10 MP: 3/3
   146 | D:1      | Reached XP level 2. HP: 15/15 MP: 1/5
  1060 | D:1      | Reached XP level 3. HP: 19/19 MP: 4/6
  1549 | D:1      | Learned a level 2 spell: Passwall
  1553 | D:1      | Learned a level 3 spell: Stone Arrow
  1871 | D:2      | Reached XP level 4. HP: 24/24 MP: 1/8
  1935 | D:2      | Found a radiant altar of Vehumet.
  1978 | D:2      | Became a worshipper of Vehumet
  2244 | D:2      | Found a hide-covered altar of Uskayaw.
  2333 | D:2      | Found a white marble altar of Elyvilon.
  2450 | D:2      | Found a faded altar of an unknown god.
  2599 | D:3      | Reached XP level 5. HP: 25/28 MP: 0/10
  3025 | D:3      | Reached * piety under Vehumet
  3025 | D:3      | Offered knowledge of Freeze by Vehumet.
  3358 | D:3      | Reached skill level 5 in Earth Magic
  3524 | D:4      | Found a staircase to the Ecumenical Temple.
  3577 | D:4      | Noticed mopl's ghost (amateur FeNe)
  3583 | D:4      | Killed mopl's ghost
  3583 | D:4      | Reached XP level 6. HP: 30/33 MP: 8/12
  4062 | Temple   | Entered the Ecumenical Temple
  4452 | D:5      | Entered Level 5 of the Dungeon
  4458 | D:5      | Noticed a sky beast
  4665 | D:5      | Found an ancient bone altar of Kikubaaqudgha.
  4995 | D:6      | Found a shimmering altar of Xom.
  4997 | D:6      | Found a hazy altar of Hepliaklqana.
  4998 | D:6      | Noticed a spectral ugly thing
  5025 | D:6      | Reached skill level 5 in Spellcasting
  5025 | D:6      | Reached XP level 7. HP: 20/37 MP: 2/14
  5247 | D:6      | Found Sulot's Gadget Boutique.
  5268 | D:6      | Noticed Grinder
  5276 | D:6      | Killed Grinder
  5276 | D:6      | Offered knowledge of Throw Flame by Vehumet.
  5391 | D:6      | Found a sand-covered staircase.
  5403 | Ossuary  | Entered an ossuary
  5419 | Ossuary  | Reached ** piety under Vehumet
  5617 | Ossuary  | Reached XP level 8. HP: 42/42 MP: 8/16
  5676 | Ossuary  | Learned a level 5 spell: Lee's Rapid Deconstruction
  5679 | Ossuary  | Learned a level 2 spell: Throw Flame
  5684 | Ossuary  | Learned a level 4 spell: Petrify
  5717 | Ossuary  | Reached skill level 1 in Conjurations
  6498 | Ossuary  | Reached skill level 1 in Fighting
  6721 | Ossuary  | Offered knowledge of Inner Flame by Vehumet.
  7095 | Ossuary  | Reached skill level 1 in Staves
  7581 | D:6      | Reached skill level 1 in Fire Magic
  7846 | D:6      | Reached *** piety under Vehumet
  7917 | D:6      | Learned a level 3 spell: Inner Flame
  8581 | D:7      | Reached XP level 9. HP: 36/48 MP: 1/19
  8863 | D:7      | Offered knowledge of Dazzling Spray by Vehumet.
  8891 | D:7      | Slain by a wight

Skill      XL: |  1  2  3  4  5  6  7  8  9 |
---------------+----------------------------+-----
Earth Magic    | 4 5 7 |  7.5
Spellcasting   | 3 4 5 6 7 |  7.0
Dodging        | 2 |  2.6
Stealth        | 3 |  3.3
Conjurations   | 2 |  2.9
Fighting       | 2 |  2.0
Staves         | 2 |  2.4
Fire Magic     | 2 |  2.8
Short Blades   | |  0.8
Transmutations | |  0.7

Action                   |  1- 3 |  4- 6 |  7- 9 || total
-------------------------+-------+-------+-------++-------
Melee: Dagger            |    61 |    41 |       ||   102
       Quarterstaff      |       |       |    73 ||    73
 Cast: Sandblast         |    34 |    87 |    59 ||   180
       Stone Arrow       |     1 |    15 |     5 ||    21
       Throw Flame       |       |       |   150 ||   150
       Inner Flame       |       |       |     2 ||     2
Evoke: Wand              |       |       |     2 ||     2
  Use: Potion            |       |     2 |     2 ||     4
       Scroll            |       |     7 |     8 ||    15
 Stab: Sleeping          |     1 |       |       ||     1
  Eat: Meat ration       |     1 |       |       ||     1
       Fruit             |       |     1 |       ||     1
       Chunk             |       |     9 |     3 ||    12
       Bread ration      |       |       |     2 ||     2
Armor: Robe              |    16 |    37 |    72 ||   125
Dodge: Dodged            |    31 |    50 |   141 ||   222
